details: 'mhowned'

« prev index next »

General information

Mini Map

Players

team 1
OrcGODIEPLZ (red | 128 APM | 4270 actions | 33:20)
Hero icon 6 Blademaster
Ability icon 2 Wind Walk
Ability icon 3 Critical Strike
Ability icon 1 Bladestorm
Hero icon 5 Shadow Hunter
Ability icon 3 Hex
Ability icon 2 Healing Wave

» actions
Assign group hotkey31
Basic commands141
Build / train84
ESC pressed6
Enter build submenu29
Enter hero's abilities submenu12
Give item / drop item4
Remove unit from queue3
Right click2204
Select / deselect1030
Select group hotkey611
Use ability114
4270 total
» units
Peon17
Grunt11
Demolisher7
Wind Rider9
44 total
» upgrades
Ranged Weapons2
Berserker Strength1
Armor2
Spiked Barricades1
6 total
» buildings
Altar of Storms1
Orc Burrow8
Barracks3
Voodoo Lounge4
War Mill1
Stronghold1
Great Hall4
Spirit Lodge1
Beastiary2
Fortress2
27 total
» build order
00:04 Altar of Storms
00:05 Orc Burrow
00:22 Barracks
01:41 Orc Burrow
01:54 Voodoo Lounge
02:58 Voodoo Lounge
03:36 Voodoo Lounge
03:44 War Mill
05:23 Stronghold
06:27 Orc Burrow
07:15 Great Hall
07:27 Orc Burrow
08:31 Barracks
08:38 Orc Burrow
09:15 Barracks
09:43 Orc Burrow
11:57 Orc Burrow
12:12 Spirit Lodge
13:39 Great Hall
17:30 Beastiary
17:32 Beastiary
24:12 Great Hall
25:02 Voodoo Lounge
27:16 Fortress
27:17 Fortress
28:37 Orc Burrow
30:52 Great Hall
» items
Boots of Speed1
Healing Salve4
Lesser Clarity Potion3
Potion of Healing2
Scroll of Town Portal2
Potion of Lesser Invulnerability2
Potion of Mana1
15 total
team 2
NightElfrossoneri. (teal | 157 APM | 5228 actions | 33:19)
Hero icon 5 Demon Hunter
Ability icon 3 Immolation
Ability icon 2 Mana Burn
Hero icon 4 Priestess of the Moon
Ability icon 2 Scout
Ability icon 2 Trueshot Aura

» actions
Assign group hotkey42
Basic commands15
Build / train86
Enter build submenu22
Enter hero's abilities submenu9
Give item / drop item2
Remove unit from queue5
Right click2372
Select / deselect482
Select group hotkey2014
Use ability179
5228 total
» units
Wisp29
Dryad13
Druid of the Claw2
Mountain Giant4
48 total
» upgrades
Strength of the Wild3
Reinforced Hides3
Druid of the Claw Training2
Resistant Skin1
Hardened Skin1
Mark of the Claw1
Abolish Magic1
Ultravision1
Well Spring1
14 total
» buildings
Altar of Elders1
Moon Well8
Hunter's Hall1
Ancient Protector6
Tree of Ages1
Tree of Eternity1
Ancient of Lore4
Ancient of Wonders1
Tree of Life1
24 total
» build order
00:06 Altar of Elders
00:11 Moon Well
01:16 Hunter's Hall
01:58 Moon Well
02:22 Ancient Protector
02:53 Ancient Protector
03:30 Tree of Ages
03:45 Moon Well
05:51 Tree of Eternity
05:54 Ancient of Lore
06:01 Ancient of Lore
07:37 Ancient of Wonders
08:44 Moon Well
10:25 Tree of Life
11:40 Moon Well
16:03 Ancient of Lore
20:48 Moon Well
21:39 Moon Well
22:54 Ancient Protector
24:11 Ancient of Lore
25:59 Moon Well
26:02 Ancient Protector
27:15 Ancient Protector
27:19 Ancient Protector
» items
Boots of Speed1
Scroll of Town Portal3
Potion of Lesser Invulnerability1
Potion of Healing1
6 total